 Dungeon Crawl Stone Soup version 0.29.1-2-gbd0b4ee654 (webtiles) character file.

Game seed: 1163085434490439296

1817 Goreval the Destroyer (level 8, 0/63 HPs)
             Began as a Black Draconian Conjurer on Nov 28, 2022.
             Was a Believer of Vehumet.
             Slain by Duvessa
             ... wielding a +0 short sword
              (3 damage)
             ... in the Ecumenical Temple on Nov 29, 2022.
             The game lasted 00:26:10 (8965 turns).

Goreval the Destroyer (Black Draconian Conjurer)    Turns: 8965, Time: 00:26:10

Health: 0/63       AC:  8    Str: 10    XL:     8   Next: 85%
Magic:  4/15       EV: 12    Int: 20    God:    Vehumet [**....]
Gold:   46         SH:  0    Dex: 10    Spells: 2/16 levels left

rFire   . . .      SeeInvis .   B - +4 dagger (vamp)
rCold   . . .      Faith    .   (no shield)
rNeg    . . .      Spirit   .   (body armour unavailable)
rPois   .          Reflect  .   (helmet restricted)
rElec   +          Harm     .   (no cloak)
rCorr   .          Rampage  .   q - +0 pair of gloves
Will    .....                   v - +0 pair of boots
Stlth   ++........              (no amulet)
HPRegen 0.20/turn               (no ring)
MPRegen 0.14/turn               (no ring)

@: about to teleport
A: breathe lightning, AC +6, unfitting armour, electricity resistance,
cold-blooded
a: Breathe Lightning, Renounce Religion


You were in the Ecumenical Temple.
You worshipped Vehumet.
Vehumet was pleased with you.
You visited 2 branches of the dungeon, and saw 8 of its levels.

You collected 274 gold pieces.
You spent 228 gold pieces at shops.

Inventory:

Hand Weapons
 B - a +4 vampiric dagger (weapon)
Armour
 h - an orb of guile
 q - a +0 pair of gloves (worn)
 v - a +0 pair of boots (worn)
Magical Staves
 y - a staff of poison
Wands
 x - a wand of quicksilver (6)
Scrolls
 b - 3 scrolls of identify {unknown}
 c - 5 scrolls of teleportation
 d - 2 scrolls of immolation {unknown}
 f - a scroll of magic mapping {unknown}
 g - 3 scrolls of fear {unknown}
 i - a scroll of amnesia {unknown}
 l - a scroll of vulnerability {unknown}
 m - a scroll of blinking {unknown}
 n - a scroll of poison {unknown}
 p - a scroll of butterflies {unknown}
 w - a scroll of summoning {unknown}
Potions
 a - a potion of magic
 e - 2 potions of heal wounds
 j - a potion of invisibility {unknown}
 o - a potion of mutation {unknown}
 r - 2 potions of curing
 s - 2 potions of lignification {unknown}
 t - a potion of attraction {unknown}
 u - 2 potions of ambrosia {unknown}
 z - a potion of haste


   Skills:
 + Level 3.4 Fighting
 - Level 3.8 Dodging
 - Level 1.7 Stealth
 + Level 4.9 Spellcasting
 * Level 8.2 Conjurations
 - Level 4.0 Fire Magic
 * Level 3.8 Air Magic


You had 2 spell levels left.
You knew the following spells:

 Your Spells              Type           Power      Damage    Failure   Level
a - Magic Dart            Conj           100%       1d8       1%          1
b - Searing Ray           Conj           76%        2d7       1%          2
c - Shock                 Conj/Air       100%       1d9       1%          1
d - Foxfire               Conj/Fire      100%       2x1d9     1%          1
e - Scorch                Fire           40%        2d7       3%          2
f - Dazzling Flash        Conj/Hex       42%        N/A       6%          3
g - Flame Wave            Conj/Fire      29%        2d9       10%         4

Your spell library contained the following spells:

 Spells                   Type           Power      Damage    Failure   Level
 Sublimation of Blood     Necr           4%         N/A       19%         2
 Fulminant Prism          Conj/Hex       10%        3d9       22%         4
 Iskenderun's Mystic Bla  Conj/Tloc      21%        2d6       22%         4
 Call Canine Familiar     Summ           4%         N/A       34%         3
 Portal Projectile        Hex/Tloc       8%         N/A       34%         3
 Irradiate                Conj/Tmut      10%        3d15      52%         5
 Leda's Liquefaction      Hex/Erth       2%         N/A       75%         4
 Petrify                  Tmut/Erth      4%         N/A       75%         4
 Summon Cactus Giant      Summ           2%         N/A       100%        6


Dungeon Overview and Level Annotations

Branches:
Dungeon (7/15) Zot: 25644  Temple (1/1) D:7 Zot: 5981

Altars:
Ashenzari
Cheibriados
Hepliaklqana
Kikubaaqudgha
Okawaru
Ru
Vehumet
Wu Jian
Xom

Shops:
D:5 *   D:6 (=!([

Annotations:
Temple Duvessa


Innate Abilities, Weirdness & Mutations

You can breathe wild blasts of lightning.
Your glossy black scales are hard. (AC +6)
You cannot fit into any form of body armour.
You are resistant to electric shocks. (rElec)
You are cold-blooded and may be slowed by cold attacks.


Message History

Duvessa struggles against the net. x2
The net rips apart, and Duvessa comes free!
Okay, then.
You see here a +0 pair of boots.
Duvessa hits you with a +0 short sword!
There is a staircase to the Ecumenical Temple, spattered with blood here.
You can't go up here!
Duvessa misses you.
You climb downwards.
Welcome to the Ecumenical Temple!
Found a hazy altar of Hepliaklqana and a snail-covered altar of Cheibriados.
There is a staircase back to the Dungeon here.
Duvessa attacks as you move away! Duvessa hits you with a +0 short sword.
Found an iron altar of Okawaru.
Duvessa hits you but does no damage. Duvessa hits you with a +0 short sword.
Duvessa hits you with a +0 short sword.
* * * LOW HITPOINT WARNING * * *
Duvessa attacks as you move away! Duvessa barely misses you.
Duvessa rages.
Duvessa hits you with a +0 short sword!
* * * LOW HITPOINT WARNING * * *
Duvessa attacks as you move away! Duvessa hits you with a +0 short sword!
* * * LOW HITPOINT WARNING * * *
Duvessa is no longer moving quickly.
Duvessa barely misses you.
You feel much better. Duvessa hits you with a +0 short sword.
Duvessa hits you with a +0 short sword.
Found a broken altar of Ashenzari.
Duvessa hits you with a +0 short sword!
* * * LOW HITPOINT WARNING * * *
Found an ornate altar of the Wu Jian Council.
Duvessa hits you with a +0 short sword!
* * * LOW HITPOINT WARNING * * *
Okay, then.
As you read the scroll labelled XYNORI QACH, it crumbles to dust.
You feel strangely unstable.
It was a scroll of teleportation.
Duvessa hits you but does no damage. Duvessa hits you with a +0 short sword.
* * * LOW HITPOINT WARNING * * *
Duvessa attacks as you move away! Duvessa closely misses you.
Duvessa attacks as you move away! Duvessa hits you with a +0 short sword.
You die...

####################
....................#_
..#.#..........#.#....
.#...#.....#..#...#...
#.._.....##.##.._..#
.#...#.....#.e#...#..#
..#.#...#...@..#.#....
......#...#.#.......#.
#..#.....#...#.##..#
.##.##....._..## ##..
#..#.....#...#.. #..
..........#.#... #.
.......<.......
..#.#..........
.#...#.....#..#


You could see Duvessa (berserk).

Vanquished Creatures
  A troll (D:6)
  Grinder (D:5)
  A water moccasin (D:6)
  An orc warrior (D:6)
  2 black bears
  A centaur (D:5)
  A phantom (D:4)
  A bullfrog (D:6)
  A scorpion (D:5)
  Dowan (D:7)
  A howler monkey (D:5)
  3 hounds
  3 orc priests
  A gnoll bouda (D:6)
  A jelly (D:6)
  An iguana (D:5)
  21 gnolls
  9 adders
  A shadow imp (D:6)
  2 ufetubi
  3 worms
  2 dart slugs
  17 orcs
  6 ball pythons
  9 endoplasms
  A giant cockroach (D:2)
  3 goblins
  10 hobgoblins
  3 bats
  3 frilled lizards
  9 kobolds
  2 rats (D:1)
122 creatures vanquished.

Vanquished Creatures (others)
  26 foxfires (D:6)
26 creatures vanquished.

Grand Total: 148 creatures vanquished

Notes
Turn   | Place    | Note
-------+----------+-------------------------------------------
     0 | D:1      | Goreval the Draconian Conjurer began the quest for the Orb.
     0 | D:1      | Reached XP level 1. HP: 14/14 MP: 3/3
   312 | D:1      | Found a faded altar of an unknown god.
   339 | D:1      | Reached XP level 2. HP: 20/20 MP: 1/5
  1185 | D:1      | Reached XP level 3. HP: 25/26 MP: 1/6
  1820 | D:2      | Found a radiant altar of Vehumet.
  1829 | D:2      | Became a worshipper of Vehumet
  2272 | D:3      | Learned a level 2 spell: Searing Ray
  2276 | D:3      | Learned a level 3 spell: Dazzling Flash
  2293 | D:2      | Reached XP level 4. HP: 33/33 MP: 1/7
  2416 | D:2      | Reached skill level 5 in Conjurations
  3015 | D:3      | Reached XP level 5. HP: 38/38 MP: 2/9
  3962 | D:3      | Reached * piety under Vehumet
  3962 | D:3      | Offered knowledge of Foxfire by Vehumet.
  4495 | D:4      | Found a sacrificial altar of Ru.
  4650 | D:4      | Found a radiant altar of Vehumet.
  4698 | D:4      | Reached XP level 6. HP: 45/45 MP: 3/11
  4787 | D:4      | Reached skill level 6 in Conjurations
  5058 | D:4      | Found an ancient bone altar of Kikubaaqudgha.
  5111 | D:5      | Entered Level 5 of the Dungeon
  5306 | D:5      | Your scales start taking on a glossy black colour.
  5306 | D:5      | Reached XP level 7. HP: 24/50 MP: 0/12
  5306 | D:5      | Gained mutation: You are resistant to electric shocks.
                  | (rElec) [Black Draconian growth]
  5493 | D:4      | Learned a level 1 spell: Foxfire
  5541 | D:5      | Learned a level 2 spell: Scorch
  5570 | D:5      | Noticed Grinder
  5702 | D:5      | Paralysed by Grinder for 2 turns
  5709 | D:5      | Paralysed by Grinder for 3 turns
  5713 | D:5      | Killed Grinder
  5714 | D:5      | Reached skill level 1 in Fighting
  5714 | D:5      | Reached skill level 7 in Conjurations
  6086 | D:5      | Found Lyesumucw's Overcharged Wands.
  6404 | D:5      | Reached XP level 8. HP: 55/61 MP: 11/14
  6728 | D:6      | Found a shimmering altar of Xom.
  6737 | D:6      | Noticed a troll
  6749 | D:6      | Found Fioppogargh's Distillery.
  6752 | D:6      | Found Foehad's Jewellery Shop.
  6817 | D:6      | Bought a potion of heal wounds for 60 gold pieces
  6817 | D:6      | Bought a potion of curing for 36 gold pieces
  6817 | D:6      | Bought a potion of haste for 120 gold pieces
  6817 | D:6      | Bought a potion of degeneration for 12 gold pieces
  7177 | D:6      | Found Yhuoza's Weapon Boutique.
  7191 | D:6      | Found Ulutun's Armour Shoppe.
  7282 | D:6      | Offered knowledge of Shock by Vehumet.
  7461 | D:6      | Learned a level 1 spell: Shock
  7490 | D:6      | Found Zechuor's Weapon Emporium.
  7593 | D:7      | Reached ** piety under Vehumet
  7904 | D:6      | Reached skill level 1 in Air Magic
  8329 | D:6      | Killed a troll
  8330 | D:6      | Reached skill level 8 in Conjurations
  8335 | D:6      | Learned a level 4 spell: Flame Wave
  8898 | D:7      | Found a staircase to the Ecumenical Temple.
  8910 | D:7      | Noticed Dowan
  8916 | D:7      | Killed Dowan
  8922 | D:7      | Noticed Duvessa
  8946 | Temple   | Entered the Ecumenical Temple
  8955 | Temple   | HP: 1/63 [Duvessa/+0 short sword (9)]
  8963 | Temple   | HP: 3/63 [Duvessa/+0 short sword (6)]
  8965 | Temple   | Slain by Duvessa

Illustrated notes

Levels and vault maps discovered:
D:1:      amcnicky_arrival_abandoned_market, layout_basic,
          dilly_ecumenical_altar_fadedgnrine, minmay_misc_feat_four_crosses
D:2:      layout_rooms, basic_altar
D:3:      layout_basic, minmay_surrounded
D:4:      layout_cave_pools, marbit_many_paths, nicolae_ru_path_of_blood,
          overflow_temple_1_default, roderic_nine_men_s_morris,
          minmay_misc_feat_columns, kennysheep_generic_room_9
D:5:      layout_rooms, corexii_checkpoint_a, nicolae_shop_overcharged_wands,
          uniq_grinder
D:6:      layout_cave_pools, mainiacjoe_overflow_brackets, serial_shops, shop,
          nicolae_shop_advertising_works [nicolae_subvault_shop_adworks],
          nicolae_diamond_shop, nicolae_square_shop, nicolae_take_the_stairs,
          kennysheep_small_spiral
D:7:      layout_layer_cave, minmay_temple_entry_statues, serial_shops, shop,
          nicolae_shop_statue_plus, shop, shop, uniq_duvessa
Temple:   regret_index_temple_chain_breaker

Skill      XL: |  1  2  3  4  5  6  7  8 |
---------------+-------------------------+-----
Dodging        | 2 3 |  3.8
Conjurations   | 5 6 7 8 |  8.2
Spellcasting   | 3 4 |  4.9
Fighting       | 2 3 |  3.4
Fire Magic     | 2 4 |  4.0
Air Magic      | 3 |  3.8
Stealth        | |  1.7

Action                   |  1- 3 |  4- 6 |  7- 9 || total
-------------------------+-------+-------+-------++-------
Melee: Unarmed           |    57 |    47 |       ||   104
       Tailslap          |     5 |     5 |    10 ||    20
       Punch             |     2 |       |     3 ||     5
       Dagger            |       |     9 |    80 ||    89
Throw: Throwing net      |       |       |     1 ||     1
 Cast: Magic Dart        |    66 |   100 |    66 ||   232
       Searing Ray       |     1 |    13 |    13 ||    27
       Shock             |       |       |    48 ||    48
       Foxfire           |       |       |    13 ||    13
       Dazzling Flash    |       |       |     2 ||     2
       Flame Wave        |       |       |     1 ||     1
  Use: Potion            |       |       |     3 ||     3
       Scroll            |       |       |     1 ||     1
Armor: Skin              |     8 |    38 |    39 ||    85
Dodge: Dodged            |    26 |    80 |    72 ||   178
